 Dungeon Crawl Stone Soup version 0.28-b1-25-g9875b3fc8c (webtiles) character file.

Game seed: 7977428423329574409

2552 raph the Destroyer (level 9, -1/51 HPs)
             Began as a Tengu Fire Elementalist on Feb 5, 2022.
             Was a Follower of Sif Muna.
             Slain by a six-headed hydra (14 damage)
             ... on level 7 of the Dungeon.
             The game lasted 00:13:35 (9975 turns).

raph the Destroyer (Tengu Fire Elementalist)        Turns: 9975, Time: 00:13:36

Health: -1/51      AC:  8    Str:  8    XL:     9   Next: 56%
Magic:  5/13       EV: 16    Int: 22    God:    Sif Muna [*.....]
Gold:   56         SH:  8    Dex: 15    Spells: 1/12 levels left

rFire   . . .      SeeInvis +   k - +6 dagger of Symmetry {freeze, *Rage Int+2 SInv}
rCold   . . .      Faith    +   t - +3 warlock's mirror {reflect}
rNeg    . . .      Spirit   .   a - +0 robe
rPois   .          Reflect  +   i - +2 hat
rElec   .          Harm     .   o - +2 cloak
rCorr   .          Rampage  .   r - +0 pair of gloves
Will    +....      Rage     20% (boots unavailable)
Stlth   +++.......              e - amulet of faith
HPRegen 0.17/turn               n - ring of willpower
MPRegen 0.13/turn               (no ring)

@: flying quickly and evasively, quick
A: beak, talons 3, nimble flight
a: Renounce Religion, Channel Magic


You were on level 7 of the Dungeon.
You worshipped Sif Muna.
Sif Muna was aware of your devotion.
You visited 2 branches of the dungeon, and saw 8 of its levels.

You collected 433 gold pieces.
You spent 377 gold pieces at shops.

Inventory:

Hand Weapons
 g - a +1 dagger
 k - the +6 dagger of Symmetry (weapon) {freeze, *Rage Int+2 SInv}
   (You found it on level 3 of the Dungeon)

   It freezes those it strikes, dealing additional cold damage.
   It can also slow down cold-blooded creatures.
   Int:       It affects your intelligence (+2).
   SInv:      It lets you see invisible.
   *Rage:     It berserks you when you make melee attacks (+20% chance).
Missiles
 v - a throwing net
Armour
 a - a +0 robe (worn)
 i - a +2 hat (worn)
 j - a +0 pair of gloves
 o - a +2 cloak (worn)
 r - a +0 pair of gloves (worn)
 t - the +3 warlock's mirror (worn) {reflect}
   (You acquired it on level 5 of the Dungeon)

   It can block and reflect piercing ranged attacks and magical attacks against
   the wielder's willpower.
Jewellery
 e - an amulet of faith (around neck)
 m - an amulet of the acrobat
 n - a ring of willpower (left hand)
 y - a ring of see invisible
Wands
 p - a wand of flame (39)
 w - a wand of acid (5)
Scrolls
 c - 7 scrolls of teleportation
 f - 2 scrolls of identify
 l - a scroll of enchant weapon
 u - a scroll of magic mapping
 x - 2 scrolls of summoning
Potions
 b - a potion of attraction
 d - 2 potions of mutation
 h - 4 potions of heal wounds
 q - a potion of ambrosia
 s - 3 potions of curing
 z - a potion of resistance
 A - a potion of brilliance


   Skills:
 + Level 3.3 Fighting
 + Level 4.5 Dodging
 + Level 4.4 Stealth
 + Level 3.0 Shields
 + Level 2.1 Spellcasting
 + Level 9.5 Conjurations
 + Level 8.5 Fire Magic
 * Level 1.6 Invocations


You had one spell level left.
You knew the following spells:

 Your Spells              Type           Power      Damage    Failure   Level
a - Foxfire               Conj/Fire      100%       2x1d9     1%          1
b - Scorch                Fire           78%        2d8       1%          2
c - Conjure Flame         Conj/Fire      42%        6-21      1%          3
d - Flame Wave            Conj/Fire      42%        2d9       4%          4
e - Animate Skeleton      Necr           4%         N/A       19%         1

Your spell library contained the following spells:

 Spells                   Type           Power      Damage    Failure   Level
 Apportation              Tloc           4%         N/A       19%         1
 Pain                     Necr           8%         1d4       19%         1
 Static Discharge         Conj/Air       23%        N/A       3%          2
 Sticky Flame             Conj/Fire      42%        2d6       4%          4
 Inner Flame              Hex/Fire       21%        N/A       10%         3
 Frozen Ramparts          Ice            4%         1d2       47%         3
 Vampiric Draining        Necr           2%         2d6       47%         3
 Dispel Undead            Necr           2%         3d7       87%         4
 Ice Form                 Ice/Tmut       2%         N/A       87%         4
 Summon Ice Beast         Ice/Summ       2%         N/A       87%         4
 Alistair's Intoxication  Tmut/Pois      1%         N/A       99%         5


Dungeon Overview and Level Annotations

Branches:
Dungeon (7/15)             Temple (1/1) D:5

Altars:
Ashenzari
Cheibriados
Dithmenos
Elyvilon
Fedhas
Gozag
Hepliaklqana
Kikubaaqudgha
Makhleb
Nemelex Xobeh
Okawaru
Qazlal
Ru
Sif Muna
Trog
Uskayaw
Vehumet
Xom
Yredelemnul
Zin
The Shining One

Shops:
D:1 !

Annotations:
D:2 Sigmund
D:4 Pikel


Innate Abilities, Weirdness & Mutations

You have a beak for a mouth.
You have claws for feet.
Your magical nature lets you fly swiftly and evasively.


Message History

Magic restored.
You start waiting.
Done waiting.
Things that are here:
a +0 whip; a gnoll corpse
Items here: ))) [[ ††.
s - 3 potions of curing (gained 2)
A six-headed hydra comes into view.
Casting: Flame Wave (dangerous; 4% risk of failure)
Confirm with . or Enter, or press ? or * to list all spells.
Flames lash the six-headed hydra.
The six-headed hydra roars!
The six-headed hydra is lightly wounded.
The six-headed hydra's fire resistance burns away.
Casting: Scorch (safe; 1% risk of failure)
Confirm with . or Enter, or press ? or * to list all spells.
Casting: Flame Wave (dangerous; 4% risk of failure)
Press: ? - help, Dir - look around, f - activate A wave of flame ripples out! (Press . to intensify the flame waves.)
A wave of flame ripples out!
The flame wave engulfs the six-headed hydra!
The six-headed hydra is burned terribly!
The six-headed hydra is moderately wounded.
The six-headed hydra bites you! The six-headed hydra bites you.
You block the six-headed hydra's attack.
The six-headed hydra bites you! x2; The six-headed hydra misses you.
A wave of flame ripples out!
The flame wave engulfs the six-headed hydra!
The six-headed hydra is burned terribly!
The six-headed hydra is heavily wounded.
You finish channelling waves of flame.
The six-headed hydra bites you.
* * * LOW HITPOINT WARNING * * *
The six-headed hydra bites you but does no damage.
You block the six-headed hydra's attack.
The six-headed hydra bites you.
* * * LOW HITPOINT WARNING * * *
The six-headed hydra closely misses you.
The six-headed hydra bites you!
You die...

#.## .. #.#
.. #.# .# #.#
.## #.# ..
#.# .# ##.#
########D#
#..#
#......@.#
#.##
#.########
#.# #.### #.#
#.# #.... #.#
#.# #.### #.#
#.# #.# #.#
#.# #.### #.#
#.# #.##.
#.#### ###.#
#.##. #....#
#...#####....


You could see a six-headed hydra (combustible).

Vanquished Creatures
  A cyclops (D:6)
  A steam dragon (D:5)
  2 ice beasts
  A sky beast (D:5)
  A black bear (D:4)
  3 necrophages (D:6)
  An ogre (D:5)
  A centaur (D:5)
  A lemure (D:3)
  A phantom (D:4)
  2 bullfrogs (D:7)
  2 gnoll sergeants
  3 scorpions (D:5)
  A water moccasin skeleton (D:7)
  A hound (D:5)
  4 orc priests
  A bullfrog skeleton (D:5)
  3 iguanas
  An orc wizard (D:7)
  Natasha (thrice) (D:4)
  A howler monkey zombie (D:5)
  7 gnolls
  9 adders
  3 ufetubi (D:4)
  3 worms
  2 dart slugs
  19 orcs
  2 endoplasms
  7 giant cockroaches
  4 goblins
  6 hobgoblins
  3 jackals (D:2)
  3 quokkas
  8 ball pythons
  9 bats
  5 frilled lizards
  3 kobolds
  2 rats
130 creatures vanquished.

Vanquished Creatures (collateral kills)
  A necrophage (D:6)
  3 foxfires (D:4)
4 creatures vanquished.

Vanquished Creatures (others)
  431 foxfires
  A plant (D:4)
432 creatures vanquished.

Grand Total: 566 creatures vanquished

Notes
Turn   | Place    | Note
-------+----------+-------------------------------------------
     0 | D:1      | raph the Tengu Fire Elementalist began the quest for the
                  | Orb.
     0 | D:1      | Reached XP level 1. HP: 10/10 MP: 4/4
   245 | D:1      | Reached skill level 2 in Conjurations
   264 | D:1      | Reached XP level 2. HP: 15/15 MP: 3/6
   546 | D:1      | Found a faded altar of an unknown god.
   839 | D:1      | Learned a level 2 spell: Scorch
   992 | D:1      | Reached XP level 3. HP: 19/19 MP: 4/7
  1163 | D:1      | Found Nestal's Distillery.
  1176 | D:1      | Bought a potion of heal wounds for 65 gold pieces
  1206 | D:1      | Reached skill level 3 in Conjurations
  1601 | D:2      | Noticed Sigmund
  1861 | D:2      | Learned a level 3 spell: Conjure Flame
  2453 | D:2      | Found a shadowy altar of Dithmenos.
  2469 | D:2      | Reached XP level 4. HP: 23/24 MP: 3/8
  3189 | D:3      | Reached skill level 4 in Conjurations
  3206 | D:3      | Gained mutation: Your magical nature lets you fly swiftly
                  | and evasively. [Tengu growth]
  3206 | D:3      | Reached XP level 5. HP: 25/28 MP: 0/9
  3601 | D:3      | Identified the +6 dagger of Symmetry {freeze, *Rage Int+2
                  | SInv}
  3606 | D:3      | Reached skill level 5 in Fire Magic
  3952 | D:4      | Noticed a phantom
  3968 | D:4      | Killed a phantom
  3969 | D:4      | Reached skill level 5 in Conjurations
  3969 | D:4      | Reached XP level 6. HP: 32/32 MP: 2/10
  4341 | D:4      | Found a glowing golden altar of the Shining One.
  4514 | D:4      | Noticed Natasha
  4525 | D:4      | Killed Natasha
  4587 | D:4      | Noticed a black bear
  4610 | D:4      | Killed a black bear
  4611 | D:4      | Reached skill level 6 in Conjurations
  4805 | D:4      | Noticed Natasha
  4811 | D:4      | Killed Natasha
  4812 | D:4      | Reached XP level 7. HP: 36/36 MP: 6/11
  4957 | D:4      | Noticed Pikel
  5121 | D:5      | Entered Level 5 of the Dungeon
  5259 | D:4      | Noticed Natasha
  5263 | D:4      | Killed Natasha
  5264 | D:4      | Reached skill level 7 in Conjurations
  5329 | D:5      | Noticed a steam dragon
  5334 | D:5      | Killed a steam dragon
  5776 | D:5      | Reached skill level 8 in Conjurations
  5776 | D:5      | Reached XP level 8. HP: 41/41 MP: 5/12
  5834 | D:5      | Learned a level 4 spell: Flame Wave
  6122 | D:5      | Reached skill level 1 in Fighting
  6243 | D:5      | Found a staircase to the Ecumenical Temple.
  6254 | Temple   | Entered the Ecumenical Temple
  6418 | Temple   | Became a worshipper of Sif Muna the Loreminder
  6546 | D:5      | Identified a scroll of acquirement
  6546 | D:5      | Acquired the +3 warlock's mirror {reflect}
  6546 | D:5      | Found the +3 warlock's mirror {reflect}
  6829 | D:5      | Learned a level 1 spell: Animate Skeleton
  7521 | D:6      | Reached skill level 1 in Shields
  7729 | D:6      | Noticed a cyclops
  7853 | D:6      | Killed a cyclops
  7854 | D:6      | Reached skill level 9 in Conjurations
  7854 | D:6      | Reached XP level 9. HP: 49/49 MP: 1/13
  8908 | D:1      | Bought 2 potions of heal wounds for 130 gold pieces
  8908 | D:1      | Bought a potion of resistance for 130 gold pieces
  8908 | D:1      | Bought a potion of brilliance for 52 gold pieces
  9118 | D:7      | Reached skill level 1 in Invocations
  9206 | D:7      | Reached * piety under Sif Muna
  9971 | D:7      | Noticed a six-headed hydra
  9975 | D:7      | Slain by a six-headed hydra

Illustrated notes

Levels and vault maps discovered:
D:1:      wander_arrival_peaceful_grave, layout_basic, basic_ecumenical_altar,
          serial_shops, nicolae_shop_temple_entry_statues_fountains, st_stairs_3
D:2:      layout_basic, basic_altar, uniq_sigmund
D:3:      layout_rooms, serial_corexii_hall, corexii_hall_statues_u,
          corexii_hall_statues_s, corexii_hall_statues_deadend,
          corexii_hall_statues_u
D:4:      layout_loops_cross, nicolae_wu_jian_wuxing_cycle,
          amcnicky_altar_gilded, minmay_strange_pillars, serial_bayou_ford_a,
          nicolae_figureground_pulse, uniq_natasha, uniq_pikel
D:5:      layout_gridville, temple_fountains, amcnicky_mini_corridor_feature,
          st_stairs_3
D:6:      layout_loops_cross
D:7:      layout_loops_ring
Temple:   regret_index_temple_chain_breaker

Skill      XL: |  1  2  3  4  5  6  7  8  9 |
---------------+----------------------------+-----
Conjurations   | 2 3 4 5 6 8 9 |  9.5
Fire Magic     | 4 5 6 7 8 |  8.5
Fighting       | 2 3 |  3.3
Dodging        | 3 4 |  4.5
Stealth        | 3 4 |  4.4
Shields        | 2 3 |  3.0
Invocations    | 1 |  1.6
Spellcasting   | |  2.1

Action                   |  1- 3 |  4- 6 |  7- 9 || total
-------------------------+-------+-------+-------++-------
Melee: Unarmed           |     7 |       |       ||     7
       Peck              |     1 |     2 |     1 ||     4
       Kick              |     3 |     2 |     4 ||     9
       Dagger            |     4 |     8 |    12 ||    24
 Cast: Foxfire           |    82 |    91 |    98 ||   271
       Scorch            |     1 |     7 |     6 ||    14
       Conjure Flame     |       |     1 |       ||     1
       Flame Wave        |       |       |    22 ||    22
       Animate Skeleton  |       |       |     1 ||     1
  Use: Scroll            |     3 |     5 |     5 ||    13
 Stab: Sleeping          |     1 |       |       ||     1
Armor: Robe              |    12 |     3 |    20 ||    35
Dodge: Dodged            |    20 |    20 |    43 ||    83
Block: Buckler           |       |       |    10 ||    10
